 Dungeon Crawl Stone Soup version 0.28-a0-1117-g0bdd5ba030 (webtiles) character file.

Game seed: 16922707157865142910

447 ryw the Firebug (level 7, -12/41 HPs)
             Began as an Octopode Fire Elementalist on Dec 11, 2021.
             Mangled by a two-headed ogre (21 damage)
             ... on level 4 of the Dungeon.
             The game lasted 00:14:29 (5822 turns).

ryw the Firebug (Octopode Fire Elementalist)        Turns: 5822, Time: 00:14:29

Health: -12/41     AC:  1    Str:  7    XL:     7   Next: 3%
Magic:  13/13      EV: 13    Int: 20    God:
Gold:   232        SH:  0    Dex: 12    Spells: 11/14 levels left

rFire   . . .      SeeInvis .   g - +0 short sword
rCold   . . .      Faith    .   (no shield)
rNeg    . . .      Spirit   .   (helmet restricted)
rPois   .          Reflect  .   (no amulet)
rElec   .          Harm     .   d - ring of wizardry
rCorr   .          Rampage  .   (no ring)
Will    .....                   (no ring)
Stlth   +++.......              (no ring)
HPRegen 0.13/turn               (no ring)
MPRegen 0.13/turn               (no ring)
                                (no ring)
                                (no ring)

@: no status effects
A: almost no armour, amphibious, 8 rings, camouflage 1, gelatinous body 1,
(nimble swimmer 1), tentacles
a: no special abilities


You were on level 4 of the Dungeon.
You visited 1 branch of the dungeon, and saw 5 of its levels.

You collected 232 gold pieces.

Inventory:

Hand Weapons
 g - a +0 short sword (weapon)
Missiles
 i - 10 poisoned darts
 l - 3 silver boomerangs
Jewellery
 d - a ring of wizardry (left tentacle)
 p - a ring of positive energy
Wands
 j - a wand of paralysis (5)
 q - a wand of digging (7)
Scrolls
 a - 4 scrolls of teleportation
 f - 3 scrolls of enchant armour
 o - a scroll of amnesia
Potions
 b - 3 potions of resistance
 c - a potion of lignification
 e - a potion of might
 h - a potion of brilliance
 k - 2 potions of flight {unknown}
 m - 3 potions of curing
 n - a potion of magic {unknown}


   Skills:
 + Level 0.2 Fighting
 + Level 2.7 Dodging
 - Level 3.0 Stealth
 + Level 4.0 Spellcasting
 - Level 1.2 Conjurations
 * Level 6.1 Fire Magic


You had 11 spell levels left.
You knew the following spells:

 Your Spells              Type           Power      Damage    Failure   Level
a - Foxfire               Conj/Fire      72%        2x1d7     1%          1
b - Scorch                Fire           56%        2d8       1%          2

Your spell library contained the following spells:

 Spells                   Type           Power      Damage    Failure   Level
 Conjure Flame            Conj/Fire      18%        6-21      3%          3
 Inner Flame              Hex/Fire       16%        N/A       4%          3
 Dazzling Flash           Conj/Hex       12%        N/A       12%         3
 Flame Wave               Conj/Fire      18%        2d5       12%         4
 Agony                    Necr           4%         N/A       77%         5
 Silence                  Hex/Air        2%         N/A       77%         5


Dungeon Overview and Level Annotations

Branches:
Dungeon (5/15)
 Temple: D:4-7

Altars:
Hepliaklqana
Uskayaw

Shops:
D:1 ?   D:4 (


Innate Abilities, Weirdness & Mutations

You cannot wear most types of armour.
You are amphibious.
You can wear up to eight rings at the same time.
Your skin changes colour to match your surroundings (Stealth+).
Your rubbery body absorbs attacks. (AC +1, EV +1)
((You are camouflaged near water. (Stealth+)))
You have tentacles for arms and can constrict up to eight enemies at once.


Message History

You feel sick.
The foxfire hits the adder.
The adder is almost dead.
The adder bites you.
Casting: Foxfire (safe; 1% risk of failure)
Confirm with . or Enter, or press ? or * to list all spells.
You conjure some foxfire!
You feel sick. The adder bites you but does no damage.
Your foxfire dissipates!
You feel sick.
The foxfire hits the adder.
You kill the adder!
You feel sick.
You are no longer poisoned.
The centaur zombie hits you. The centaur zombie closely misses you.
The centaur zombie hits you.
* * * LOW HITPOINT WARNING * * *
The centaur zombie kicks you but does no damage.
The centaur zombie hits you.
* * * LOW HITPOINT WARNING * * *
The centaur zombie barely misses you. The centaur zombie closely misses you.
The centaur zombie kicks you.
* * * LOW HITPOINT WARNING * * *
The centaur zombie hits you.
* * * LOW HITPOINT WARNING * * *
The centaur zombie barely misses you.
There is a stone staircase leading up here.
The centaur zombie hits you but does no damage.
The centaur zombie closely misses you.
You climb upwards.
There is a stone staircase leading down here.
You start resting.
Magic restored.
You start resting.
A two-headed ogre opens the door.
It is wielding two +0 giant clubs.
The two-headed ogre shouts in stereo!
The two-headed ogre hits you with a +0 giant club!!
Ouch! That really hurt!
* * * LOW HITPOINT WARNING * * *
The two-headed ogre hits you with a +0 giant club!!
Ouch! That really hurt!
You die...

#.....).#.## #.#
#.#####.#..# #.# #.#
#.##.# #.# #.#
#.##.###.# #.#
#.##..##.# #.#
#.###.##.# #.# #.#
#.##.# #.# #.#
#.##O#####
#.#####.###...@....#
#...##.....#.#.###.#
##...#..###.#.#[#
#.####
##.......###.#...#
#....#
...#####...#.#...#
###.##
.###...###...#...#
#.#
###......#.###..>###
#.#
#...###....#.......#
#.#
...######..#.......#
#.#


You could see a two-headed ogre.

Vanquished Creatures
  An ogre (D:5)
  A gnoll shaman (D:3)
  A bullfrog skeleton (D:5)
  An iguana (D:4)
  An orc wizard (D:5)
  11 adders
  3 gnolls
  4 river rats (D:3)
  2 worms
  3 dart slugs
  8 orcs
  11 ball pythons
  6 endoplasms
  6 giant cockroaches
  6 goblins
  5 hobgoblins
  4 jackals (D:4)
  3 quokkas
  5 bats
  3 frilled lizards
  5 kobolds
  2 rats
92 creatures vanquished.

Vanquished Creatures (others)
  404 foxfires
404 creatures vanquished.

Grand Total: 496 creatures vanquished

Notes
Turn   | Place    | Note
-------+----------+-------------------------------------------
     0 | D:1      | ryw the Octopode Fire Elementalist began the quest for the
                  | Orb.
     0 | D:1      | Reached XP level 1. HP: 11/11 MP: 3/3
   134 | D:1      | Found a faded altar of an unknown god.
   505 | D:1      | Reached XP level 2. HP: 14/17 MP: 0/5
   795 | D:1      | Found Ufarameo's Magic Scroll Emporium.
  1111 | D:1      | Reached XP level 3. HP: 21/21 MP: 1/6
  1603 | D:2      | Reached skill level 4 in Fire Magic
  1791 | D:2      | Learned a level 2 spell: Scorch
  2471 | D:2      | Reached XP level 4. HP: 20/27 MP: 3/7
  3269 | D:3      | HP: 1/40 [river rat (3)]
  3271 | D:3      | Reached XP level 5. HP: 1/31 MP: 0/9
  3824 | D:3      | Reached skill level 5 in Fire Magic
  4341 | D:4      | Found a hide-covered altar of Uskayaw.
  4346 | D:4      | Reached XP level 6. HP: 36/36 MP: 6/10
  4378 | D:4      | Noticed a two-headed ogre
  4455 | D:4      | Found Waruleda's Antique Weapon Boutique.
  4808 | D:4      | Found a hazy altar of Hepliaklqana.
  5198 | D:5      | Entered Level 5 of the Dungeon
  5580 | D:5      | Reached skill level 6 in Fire Magic
  5580 | D:5      | Reached XP level 7. HP: 33/41 MP: 6/13
  5822 | D:4      | Mangled by a two-headed ogre

Illustrated notes

Levels and vault maps discovered:
D:1:      shiori_shiawase, layout_loops_corners, ebering_ecumenical_altar_hall,
          serial_shops, nicolae_shop_waterfront
D:2:      layout_loops_cross
D:3:      layout_rooms, lightli_sewer_entry_pipes, minivault_23
D:4:      layout_basic, mainiacjoe_overflow_catch_the_wave, serial_shops, shop
D:5:      layout_cave_pools, uniq_crazy_yiuf_cottage

Skill      XL: |  1  2  3  4  5  6 |
---------------+-------------------+-----
Stealth        | 3 |  3.0
Fire Magic     | 4 5 6 |  6.1
Spellcasting   | 3 4 |  4.0
Fighting       | |  0.2
Dodging        | |  2.7
Conjurations   | |  1.2

Action                   |  1- 3 |  4- 6 |  7- 9 || total
-------------------------+-------+-------+-------++-------
Melee: Short sword       |       |    15 |       ||    15
       Constrict         |       |     2 |       ||     2
       Tentacles         |       |     1 |       ||     1
 Cast: Foxfire           |    83 |   154 |     9 ||   246
  Use: Scroll            |     4 |     6 |       ||    10
       Potion            |       |     4 |       ||     4
Armor: Skin              |     6 |    35 |     3 ||    44
Dodge: Dodged            |    25 |    35 |     6 ||    66

Table legend: (Time is in decaauts)
 A = Elapsed time spent in this place.
 B = Non-inter-level travel time spent in this place.
 C = Inter-level travel time spent in this place.
 D = Time resting spent in this place.
 E = Time spent auto-exploring this place.
 F = Levels seen in this place.
 G = Mean time per level.
                   A        B        C        D        E       F      G
               +--------+--------+--------+--------+--------+-----+--------+
         Total |   5828 |   5682 |    146 |   1349 |   3339 |   5 | 1165.6 |
       Dungeon |   5828 |   5682 |    146 |   1349 |   3339 |   5 | 1165.6 |
               +--------+--------+--------+--------+--------+-----+--------+

Top non-repeatable levels by time:
     D:1: 1508 daAuts
     D:2: 1469 daAuts
     D:3: 1397 daAuts
     D:4: 1140 daAuts
     D:5: 312 daAuts
